 Dungeon Crawl Stone Soup version 0.31-a0-167-g1c394c0614 (webtiles) character file.

Game seed: 2986950928815984398

8813 Shayle the Covert (level 11, -4/114 HPs)
             Began as a Tengu Brigand on June 14, 2023.
             Was an Initiate of Ashenzari.
             Killed from afar by a steam dragon (6 damage)
             ... with a ball of steam
             ... on level 10 of the Dungeon.
             The game lasted 00:40:16 (8626 turns).

Shayle the Covert (Tengu Brigand)                   Turns: 8626, Time: 00:40:17

Health: -4/114     AC: 25    Str: 12    XL:     11   Next: 36%
Magic:  12/12      EV:  2    Int: 13    God:    Ashenzari [......]
Gold:   183        SH:  0    Dex: 24    Spells: 10/10 levels left

rFire   . . .        F - +3 quarterstaff (spect)
rCold   . . .        (shield currently unavailable)
rNeg    . . .        H - melded +0 steam dragon scales
rPois   +            e - melded +1 hat {Will+}
rElec   .            c - melded +0 cloak
rCorr   .            m - melded +1 pair of gloves
SInv    .            (boots unavailable)
Will    .....        (no amulet)
Stlth   ++++++       n - +6 ring of dexterity
HPRegen 1.19/turn    (no ring)
MPRegen 0.13/turn

%: no passive effects
@: lethally poisoned (-4 -> -6), tree-form
A: stationary, stasis, torment immunity, boosted hp, (beak), (talons 3), nimble
flight, regeneration 1
a: Renounce Religion


You were on level 10 of the Dungeon.
You worshipped Ashenzari.
Ashenzari was noncommittal.
You were a tree.
You visited 3 branches of the dungeon, and saw 12 of its levels.

You collected 495 gold pieces.
You spent 312 gold pieces at shops.

Inventory:

Hand Weapons
 a - a +2 dagger
 o - a +0 heavy trident
 u - a +1 orcbow of electrocution
 v - a +2 short sword of draining
 y - a +2 morningstar of protection
 F - a +3 spectral quarterstaff (weapon)
 M - the +8 quarterstaff of Grandeur {antimagic, Dex+3}
   (You took it off a wight on level 9 of the Dungeon)

   Dex:       It affects your dexterity (+3).
Missiles
 d - 64 poisoned darts (quivered)
 k - 4 datura-tipped darts
 B - a curare-tipped dart
Armour
 b - a +0 troll leather armour
 c - a +0 cloak (melded)
 e - a +1 hat of willpower (melded)
 m - a +1 pair of gloves (melded)
 D - a +0 buckler
 G - a +1 ring mail of cold resistance
 H - +0 steam dragon scales (melded)
Jewellery
 f - an amulet of faith
 n - a +6 ring of dexterity (left branch)
 A - the amulet of Cufyvunn {Will+ Regen+ Dex+3 SInv}
   (You found it on level 4 of the Dungeon)

   [amulet of regeneration]

   Dex:       It affects your dexterity (+3).
   SInv:      It lets you see invisible.
   Regen:     It increases your rate of health regeneration.
   Will:      It increases your willpower.
 C - a +6 ring of intelligence
Wands
 i - a wand of flame (33)
 t - a wand of mindburst (14)
 J - a wand of light (12)
 K - a wand of iceblast (1)
Scrolls
 g - a scroll of revelation {unknown}
 j - 3 scrolls of poison
 q - 2 scrolls of enchant weapon
 r - 3 scrolls of identify
 s - a scroll of teleportation
 z - a scroll of blinking {unknown}
 E - 2 scrolls of noise {unknown}
 I - a scroll of fog {unknown}
Potions
 h - a potion of attraction
 l - 2 potions of magic
 p - 2 potions of mutation
 w - a potion of brilliance {unknown}
 x - a potion of degeneration {unknown}
 L - 2 potions of haste


   Skills:
 + Level 12.4 Fighting
 - Level 2.1 Short Blades
 - Level 2.0 Throwing
 - Level 1.1 Dodging
 - Level 12.4 Stealth
 + Level 5.8 Evocations


You had 10 spell levels left.
You didn't know any spells.
Your spell library contained the following spells:

 Spells                   Type           Power      Damage    Failure   Level
 Apportation              Tloc           0%         N/A       30%         1
 Necrotise                Necr           0%         1d4       30%         1
 Summon Small Mammal      Summ           0%         N/A       30%         1
 Blink                    Tloc           0%         N/A       43%         2
 Lesser Beckoning         Tloc           0%         N/A       43%         2
 Momentum Strike          Conj/Tloc      0%         3d8       43%         2
 Ignite Poison            Fire/Tmut/Pois 0%         N/A       67%         3
 Anguish                  Hex/Necr       0%         N/A       97%         4
 Irradiate                Conj/Tmut      0%         3d11      100%        5
 Haunt                    Necr/Summ      0%         N/A       100%        7


Dungeon Overview and Level Annotations

Branches:
Dungeon (10/15)            Temple (1/1) D:4            Lair (1/5) D:8
    Orc: D:9-12

Altars:
Ashenzari
Cheibriados
Dithmenos
Elyvilon
Fedhas
Gozag
Hepliaklqana
Kikubaaqudgha
Makhleb
Nemelex Xobeh
Okawaru
Qazlal
Ru
Sif Muna
Trog
Uskayaw
Vehumet
Wu Jian
Xom
Yredelemnul
Zin
The Shining One

Shops:
D:8 *

Annotations:
D:4 1 runed translucent door, rocketiermaster's ghost, amateur HOMo
D:8 2 transporters
D:9 3 runed translucent doors, pokeman's ghost, novice DEHW


Innate Abilities, Weirdness & Mutations

You are a tree.
Your roots penetrate the ground, keeping you stationary.
You cannot be teleported.
You are immune to unholy pain and torment.
Your maximum health is greatly increased.
Your equipment is partially melded.
((You have a beak for a mouth.))
((You have claws for feet.))
Your magical nature lets you fly swiftly and evasively.
Your natural rate of healing is unusually fast.


Message History

You peck the gnoll sergeant, but do no damage.
Your +3 spectral quarterstaff barely misses the gnoll sergeant.
You feel very sick. The gnoll closely misses you.
The gnoll hits you but does no damage.
The gnoll sergeant hits you with a +2 spear of venom!
You are more poisoned.
You closely miss the gnoll sergeant. You claw the gnoll sergeant.
You peck the gnoll sergeant, but do no damage.
The gnoll sergeant is lightly wounded.
Your +3 spectral quarterstaff hits the gnoll sergeant!
You feel very sick.
The gnoll hits you from afar with a +0 halberd.
The gnoll hits you from afar with a +0 spear!
The gnoll sergeant completely misses you.
The gnoll hits you from afar with a +0 spear!
* * * LOW HITPOINT WARNING * * *
The gnoll misses you.
The gnoll sergeant hits you with a +2 spear of venom!
* * * LOW HITPOINT WARNING * * *
The steam dragon breathes steam at you.
The ball of steam hits the gnoll!
The ball of steam misses you.
Unknown command.
Your +3 spectral quarterstaff disappears.
* * * LOW HITPOINT WARNING * * *
You feel very sick.
Okay, then.
Okay, then.
Really quaff the potion of lignification?
You turn into a tree.
Your +0 cloak melds into your body.
Your +1 hat of willpower melds into your body.
Your +1 pair of gloves melds into your body.
Your +0 steam dragon scales melds into your body.
You feel less strong-willed.
Your roots penetrate the ground.
* * * LOW HITPOINT WARNING * * *
You feel very sick. The steam dragon breathes steam at you.
The ball of steam hits the gnoll!!
The gnoll dies!
The ball of steam hits you.
You die...

#. ### #.# #.##.######
#.# ####.........#
####.### #.......#.##.##
##.......
#.#.....##....###........
......................###
#.§§§.##....###.....#
##D§§§#.##.## ##...##
#..gg§♣###.# #####
#..##### ### #... # ###
#. .


You could see a steam dragon (catching breath), a gnoll sergeant and a gnoll.

Vanquished Creatures
  Gastronok (D:8)
  Pikel (D:9)
  Joseph (D:7)
  Maggie (D:7)
  A troll (D:9)
  2 hornets
  A wyvern (Lair:1)
  A wraith (D:9)
  6 yaks
  3 vampire mosquitoes (D:10)
  A steam dragon (D:7)
  2 water moccasins
  3 orc warriors
  2 black bears
  An ice beast (D:7)
  2 sky beasts
  3 ogres
  2 centaurs
  A lemure (D:9)
  A phantom (D:5)
  5 bullfrogs
  5 kobold brigands
  3 scorpions
  5 wights (D:9)
  20 killer bees
  4 orc priests
  2 gnoll boudas
  3 hounds
  5 iguanas
  Jessica (D:2)
  2 sleepcaps
  6 orc wizards
  16 gnolls
  5 adders
  3 white imps
  An ufetubus (D:4)
  2 worms (D:2)
  3 dart slugs (D:3)
  21 orcs
  4 ball pythons
  5 bats
  8 endoplasms
  A giant cockroach (D:1)
  14 goblins
  9 hobgoblins
  6 quokkas
  3 frilled lizards (D:1)
  29 kobolds
  2 rats (D:1)
229 creatures vanquished.

Vanquished Creatures (collateral kills)
  A ball python (D:2)
  3 goblins (D:2)
4 creatures vanquished.

Vanquished Creatures (others)
  Robin (D:2)
  A gnoll (D:10)
2 creatures vanquished.

Grand Total: 235 creatures vanquished

Notes
Turn   | Place    | Note
-------+----------+-------------------------------------------
     0 | D:1      | Shayle the Tengu Brigand began the quest for the Orb.
     0 | D:1      | Reached XP level 1. HP: 12/12 MP: 2/2
   140 | D:1      | Reached XP level 2. HP: 14/18 MP: 3/3
   452 | D:1      | Reached XP level 3. HP: 22/22 MP: 4/4
   864 | D:2      | Noticed Jessica
   953 | D:2      | Killed Jessica
   954 | D:2      | Reached skill level 5 in Stealth
   954 | D:2      | Reached XP level 4. HP: 28/28 MP: 5/5
   970 | D:2      | Identified the +0 helmet of Pathos {Fly Stlth+}
   970 | D:2      | Noticed Robin
   990 | D:2      | Killed Robin
  1083 | D:2      | Found a faded altar of an unknown god.
  1152 | D:2      | You fall into a shaft and drop 1 floor!
  1588 | D:3      | Got Sif Muna's Octavo of Remoulded Misery
  2050 | D:4      | Found a staircase to the Ecumenical Temple.
  2060 | Temple   | Entered the Ecumenical Temple
  2269 | D:4      | Found a runed translucent door.
  2270 | D:4      | Noticed rocketiermaster's ghost (amateur HOMo)
  2311 | D:4      | Noticed a water moccasin
  2330 | D:3      | Gained mutation: Your magical nature lets you fly swiftly
                  | and evasively. [Tengu growth]
  2330 | D:3      | Reached XP level 5. HP: 26/33 MP: 6/6
  2431 | D:4      | Identified the amulet of Cufyvunn {Will+ Regen+ Dex+3 SInv}
  2706 | D:4      | Killed a water moccasin
  2707 | D:4      | Reached XP level 6. HP: 39/39 MP: 7/7
  3012 | D:5      | Entered Level 5 of the Dungeon
  3030 | D:5      | Reached skill level 5 in Fighting
  3041 | D:5      | Found an opulent altar of Gozag.
  3107 | D:5      | Gained mutation: Your natural rate of healing is unusually
                  | fast. [potion of mutation]
  3156 | D:5      | Reached XP level 7. HP: 34/44 MP: 8/8
  3633 | D:5      | Reached XP level 8. HP: 52/52 MP: 9/9
  4184 | D:6      | Found a blossoming altar of Fedhas.
  4598 | D:7      | Noticed Joseph
  4608 | D:7      | Killed Joseph
  4609 | D:7      | Reached XP level 9. HP: 20/60 MP: 10/10
  4654 | D:7      | Noticed Maggie
  4675 | D:7      | Killed Maggie
  4676 | D:7      | Reached skill level 10 in Stealth
  5350 | D:8      | Reached skill level 10 in Fighting
  5350 | D:8      | Reached XP level 10. HP: 55/68 MP: 11/11
  5367 | D:8      | Found a shadowy altar of Dithmenos.
  5441 | D:8      | Found a staircase to the Lair.
  5476 | Lair:1   | Entered Level 1 of the Lair of Beasts
  5659 | D:8      | Found a white marble altar of Elyvilon.
  5943 | D:8      | Paralysed by a hornet for 2 turns
  6015 | D:8      | Found a sacrificial altar of Ru.
  6125 | D:8      | Found Qopp's Assorted Antiques.
  6131 | D:8      | Bought a potion of heal wounds for 130 gold pieces
  6131 | D:8      | Bought a glowing morningstar for 182 gold pieces
  6194 | D:8      | Reached skill level 1 in Evocations
  6329 | D:8      | Found a glowing silver altar of Zin.
  6545 | D:8      | Noticed an orc knight
  6546 | D:8      | Found a transporter.
  6549 | D:8      | Noticed a deep elf pyromancer
  6596 | D:8      | Noticed Gastronok
  6620 | D:8      | Killed Gastronok
  6683 | D:8      | Found a stormy altar of Qazlal.
  6890 | D:8      | Found a shimmering blue altar of Sif Muna.
  6911 | D:8      | Noticed a centaur warrior
  6915 | D:8      | Found a transporter.
  6930 | D:8      | a slime creature changed into a sea snake
  6930 | D:8      | Noticed a sea snake (shapeshifter)
  6970 | D:8      | a sea snake changed into a death drake
  6970 | D:8      | Noticed a death drake (shapeshifter)
  7029 | D:8      | a death drake changed into a shock serpent
  7029 | D:8      | Noticed a shock serpent (shapeshifter)
  7199 | D:9      | Reached XP level 11. HP: 28/76 MP: 12/12
  7440 | D:9      | Noticed Pikel
  7462 | D:9      | Killed Pikel
  7485 | D:9      | Found a hide-covered altar of Uskayaw.
  7677 | D:9      | Found a runed translucent gate.
  7677 | D:9      | Found a runed translucent gate.
  7677 | D:9      | Noticed pokeman's ghost (novice DEHW)
  7678 | D:9      | Found a runed translucent gate.
  7807 | D:9      | Paralysed by a hornet for 3 turns
  7813 | D:9      | Reached skill level 5 in Evocations
  7863 | D:9      | Identified the +8 quarterstaff of Grandeur {antimagic,
                  | Dex+3}
  7885 | D:9      | Found a broken altar of Ashenzari.
  7903 | D:9      | Became a worshipper of Ashenzari the Shackled
  8529 | D:10     | Entered Level 10 of the Dungeon
  8625 | D:10     | HP: 2/76 [poisoned by a gnoll sergeant]
  8626 | D:10     | Killed from afar by a steam dragon

Illustrated notes

Levels and vault maps discovered:
D:1:      minmay_arrival_wavy_path, layout_basic, serial_bayou_pond_d,
          grunt_decor_cap, minmay_tromino_mix6
D:2:      layout_rooms, shapermc_ecumenical_altar_petra,
          kennysheep_generic_room_10, uniq_robin, uniq_jessica
D:3:      layout_basic
D:4:      cheibrodos_barr_body, layout_rooms, minmay_temple_entry_junction,
          gammafunk_ghost_grave, serial_corexii_hall,
          chequers_hall_statues_corner_a, chequers_hall_statues_corner_a,
          chequers_big_river, minmay_misc_feat_alley
D:5:      layout_cave_pools, grunt_gozag_breadcrumbs
D:6:      layout_rooms, fedhas_altar_1
D:7:      layout_rooms, uniq_joseph, uniq_maggie
D:8:      gammafunk_sealed_arena, layout_loops_corners, tgw_sif, zin_academy,
          nicolae_qazlal_eye_of_the_storm, nicolae_elyvilon_peaceful_grove,
          mainiacjoe_overflow_catch_the_wave, grunt_lair_entry_orc_guard_hut,
          serial_shops, kennysheep_little_box, glass_columns_a, uniq_gastronok
D:9:      layout_basic, ashenzari_altar_1, mainiacjoe_overflow_alcove_2,
          biasface_ghost_orc_armoury, uniq_pikel
D:10:     layout_loops_ring, erik_orc_3, fungi_pond_lemuel,
          kb_lookout_dungeons_type, small_statue_intersection,
          dreamdust_deal_with_the_devil
Temple:   nicolae_temple_bog_church
Lair:1:   layout_regular_city

Skill      XL: |  1  2  3  4  5  6  7  8  9 10 11 |
---------------+----------------------------------+-----
Fighting       | 3 4 5 6 8 10 11 12 | 12.4
Stealth        | 5 6 7 9 11 12 | 12.4
Evocations     | 4 5 |  5.8
Short Blades   | |  2.1
Throwing       | |  2.0
Dodging        | |  1.1

Action                     |  1- 3 |  4- 6 |  7- 9 | 10-12 || total
---------------------------+-------+-------+-------+-------++-------
  Melee: Dagger            |    61 |   109 |   172 |       ||   342
         Kick              |    18 |    31 |    99 |    90 ||   238
         Peck              |     9 |    25 |    55 |    37 ||   126
         Short sword       |       |       |     9 |       ||     9
         Punch             |       |       |     1 |       ||     1
         Quarterstaff      |       |       |    66 |   195 ||   261
         Morningstar       |       |       |       |    30 ||    30
   Fire: Orcbow            |       |       |    20 |    18 ||    38
  Throw: Dart              |     1 |     6 |    13 |    21 ||    41
  Evoke: Wand              |       |       |       |    23 ||    23
    Use: Potion            |       |     5 |     2 |     7 ||    14
         Scroll            |       |       |     9 |     5 ||    14
   Stab: Sleeping          |     9 |    12 |    11 |     6 ||    38
         Distracted        |       |       |     2 |     5 ||     7
 Armour: Robe              |    11 |    26 |    28 |       ||    65
         Steam dragon scal |       |       |    27 |   110 ||   137
         Skin              |       |       |       |    48 ||    48
  Dodge: Dodged            |    21 |    55 |   187 |   278 ||   541

Table legend: (Time is in decaauts)
 A = Elapsed time spent in this place.
 B = Non-inter-level travel time spent in this place.
 C = Inter-level travel time spent in this place.
 D = Time resting spent in this place.
 E = Time spent auto-exploring this place.
 F = Levels seen in this place.
 G = Mean time per level.
                   A        B        C        D        E       F      G
               +--------+--------+--------+--------+--------+-----+--------+
         Total |   8300 |   8048 |    252 |   1079 |   4148 |  12 |  691.7 |
       Dungeon |   7974 |   7743 |    231 |   1079 |   3959 |  10 |  797.4 |
        Temple |    185 |    164 |     21 |      0 |    151 |   1 |  185.0 |
          Lair |    141 |    141 |      0 |      0 |     37 |   1 |  141.0 |
               +--------+--------+--------+--------+--------+-----+--------+

Top non-repeatable levels by time:
     D:8: 1577 daAuts
     D:9: 1343 daAuts
     D:3: 817 daAuts
     D:7: 782 daAuts
     D:1: 780 daAuts
     D:4: 725 daAuts
     D:5: 670 daAuts
     D:6: 668 daAuts
     D:2: 510 daAuts
  Temple: 185 daAuts
  Lair:1: 141 daAuts
    D:10: 97 daAuts
